 Dungeon Crawl Stone Soup version 0.21-a0-522-ga8338f09a8 (webtiles) character file.

4505 JackS81 the Carver (level 10, -11/73 HPs)
             Began as a Formicid Fighter on Dec 5, 2017.
             Was a Believer of Qazlal.
             Killed by the air
             ... invoked by Gastronok
              (31 damage)
             ... on level 8 of the Dungeon on Dec 6, 2017.
             The game lasted 00:32:42 (8940 turns).

JackS81 the Carver (Formicid Fighter)               Turns: 8940, Time: 00:32:43

Health: -11/73     AC: 10    Str: 20    XL:     10   Next: 65%
Magic:  13/13      EV: 11    Int:  9    God:    Qazlal [**....]
Gold:   406        SH: 14    Dex: 13    Spells: 9/9 levels left

rFire    + . .     SeeInvis +   a - +0 long sword
rCold    . . .     Gourm    .   c - +0 shield
rNeg     . . .     Faith    +   b - +0 scale mail
rPois    .         Spirit   .   (helmet unavailable)
rElec    .         Reflect  .   (no cloak)
rCorr    .         Harm     .   z - +0 pair of gloves
MR       +....                  e - +1 pair of boots
Stlth    ..........             w - amulet of faith
HPRegen  0.22/turn              J - ring of flight
MPRegen  0.13/turn              O - ring of protection from fire

@: no status effects
A: permanent stasis, dig shafts and tunnels, four strong arms, antennae 3
a: Dig, Shaft Self, Upheaval, Renounce Religion, Evoke Flight


You were on level 8 of the Dungeon.
You worshipped Qazlal.
Qazlal was pleased with you.
You were not hungry.

You visited 2 branches of the dungeon, and saw 9 of its levels.

You collected 406 gold pieces.

Inventory:

Hand Weapons
 a - a +0 long sword (weapon)
 B - a +0 short sword of protection
 I - a +0 shortbow
 L - a +0 hand crossbow
Missiles
 k - 86 bolts
 l - 2 curare-tipped needles
 n - 9 tomahawks (quivered)
 p - 109 arrows
 q - 27 poisoned needles
 H - 3 steel tomahawks
 M - 2 tomahawks of dispersal
Armour
 b - a +0 scale mail (worn)
 c - a +0 shield (worn)
 e - a +1 pair of boots (worn)
 u - a +0 large shield
 z - a +0 pair of gloves (worn)
 N - a +0 plate armour
Jewellery
 w - an amulet of faith (around neck)
 J - a ring of flight (left hand)
 O - a ring of protection from fire (right hand)
Wands
 h - a wand of iceblast (8)
 v - a wand of digging (5)
 A - a wand of acid (8)
 C - a wand of paralysis (24)
Scrolls
 j - 7 scrolls of identify
 m - 2 scrolls of fog {unknown}
 o - a scroll of immolation {unknown}
 r - a scroll of noise {unknown}
 s - a scroll of magic mapping {unknown}
 x - a scroll of enchant weapon {unknown}
 y - a scroll of remove curse
 D - 2 scrolls of amnesia {unknown}
 E - a scroll of fear {unknown}
 G - a scroll of enchant armour
Potions
 d - a potion of might
 t - 6 potions of curing
 F - a potion of lignification
Comestibles
 f - 7 bread rations
 g - 5 meat rations
 i - 5 royal jellies
 K - a fruit
 P - a chunk of flesh


   Skills:
 + Level 4.7 Fighting
 * Level 11.0 Long Blades
 + Level 4.9 Armour
 * Level 3.3 Dodging
 + Level 7.6 Shields
 * Level 3.8 Invocations
 * Level 4.8 Evocations


You had 9 spell levels left.
You didn't know any spells.

Dungeon Overview and Level Annotations

Branches:
Dungeon (8/15)             Temple (1/1) D:6
   Lair: D:8-11

Altars:
Ashenzari
Cheibriados
Dithmenos
Elyvilon
Fedhas
Gozag
Hepliaklqana
Kikubaaqudgha
Makhleb
Nemelex Xobeh
Qazlal
Ru
Sif Muna
Trog
Uskayaw
Vehumet
Xom
Yredelemnul
Zin
The Shining One

Annotations:
D:8 Gastronok


Innate Abilities, Weirdness & Mutations

You cannot be hasted, slowed, berserked, paralysed or teleported.
You can dig through walls and to a lower floor.
Your four strong arms can wield two-handed weapons with a shield.
You have a pair of large antennae on your head. (SInv)


Message History

You hit Gastronok.
Gastronok is heavily wounded.
You block the river rat's attack. You block the quokka's attack.
You hit Gastronok.
Gastronok is severely wounded.
The river rat bites you but does no damage.
The quokka barely misses you.
Gastronok waves his eye-stalks in wide circles.
The air twists around and strikes you!
* * * LOW HITPOINT WARNING * * *
You slash Gastronok!
Gastronok is severely wounded.
You block the river rat's attack. The quokka misses you.
You hit Gastronok.
Gastronok is severely wounded.
The quokka bites you but does no damage.
The river rat bites you but does no damage.
Gastronok waves his eye-stalks in wide circles.
The air twists around and strikes you!
You die...

#.# #.# ##.... ##.#
##..... ..# #..#
.......#####..# #..#
.......#._.#..# #<.#
$......#...#.. #÷÷#
.......#.r.#.# #÷.#
.......##@##.# ##.##
.........wr.######..#
#####...............###
#..########.......####
#.. #........... #..#
##........... #..
#..........># ..#
#...........# #.#
##..........#


You could see Gastronok, a river rat and a quokka.

Vanquished Creatures
  Pikel (D:7)
  Joseph (D:7)
  A hippogriff (D:7)
  A yak (D:7)
  A human (D:7)
  3 hogs (D:7)
  3 slaves (D:7)
  4 orc warriors
  A sky beast (D:6)
  A phantom (D:8)
  2 ogres
  3 centaurs
  The ghost of JackS81 the Vandal, an amateur HaHu (D:3)
  A big kobold (D:7)
  4 bullfrogs
  4 scorpions
  2 howler monkeys
  5 crimson imps
  3 hounds
  A bullfrog skeleton (D:6)
  2 orc priests
  A centaur skeleton (D:5)
  An iguana (D:6)
  Natasha (thrice) (D:2)
  4 orc wizards
  5 worker ants
  A killer bee zombie (D:6)
  2 hound zombies
  A hound skeleton (D:5)
  2 worker ant zombies
  Robin (D:2)
  3 gnolls (D:5)
  19 adders
  A shadow imp (D:6)
  An ooze (D:1)
  An adder zombie (D:5)
  2 worms
  4 dart slugs
  5 leopard geckos
  38 orcs
  5 bats
  6 giant cockroaches
  15 goblins
  11 hobgoblins
  15 jackals
  13 kobolds
  8 quokkas
  3 frilled lizards
  A quokka zombie (D:5)
  8 rats
225 creatures vanquished.

Notes
Turn   | Place    | Note
-------+----------+-------------------------------------------
     0 | D:1      | JackS81 the Formicid Fighter began the quest for the Orb.
     0 | D:1      | Reached XP level 1. HP: 18/18 MP: 1/1
   110 | D:1      | Reached XP level 2. HP: 24/24 MP: 2/2
   200 | D:1      | Reached XP level 3. HP: 24/29 MP: 3/3
   523 | D:2      | Reached skill level 3 in Long Blades
   766 | D:2      | Reached XP level 4. HP: 35/35 MP: 4/4
  1071 | D:2      | Noticed Natasha
  1081 | D:2      | Killed Natasha
  1081 | D:2      | Reached skill level 4 in Long Blades
  1081 | D:2      | Reached XP level 5. HP: 31/41 MP: 5/5
  1208 | D:2      | Noticed Natasha
  1215 | D:2      | Killed Natasha
  1324 | D:2      | Noticed Robin
  1352 | D:2      | Killed Robin
  1484 | D:2      | Noticed Natasha
  1490 | D:2      | Killed Natasha
  1490 | D:2      | Reached skill level 5 in Long Blades
  1606 | D:3      | Reached XP level 6. HP: 46/47 MP: 6/6
  1607 | D:3      | Noticed JackS81's ghost (amateur HaHu)
  1637 | D:3      | Killed JackS81's ghost
  1637 | D:3      | Reached skill level 5 in Shields
  2125 | D:3      | Reached skill level 6 in Long Blades
  2233 | D:3      | Reached XP level 7. HP: 52/52 MP: 7/7
  2940 | D:4      | Found a shattered altar of Ashenzari.
  3124 | D:4      | Reached skill level 1 in Evocations
  3155 | D:4      | HP: 2/52 [poisoned by a scorpion]
  3509 | D:4      | Reached skill level 7 in Long Blades
  3634 | D:4      | Found a snail-covered altar of Cheibriados.
  3678 | D:4      | Reached XP level 8. HP: 48/58 MP: 7/9
  4047 | D:5      | Entered Level 5 of the Dungeon
  4220 | D:5      | Reached skill level 8 in Long Blades
  5312 | D:6      | Found a staircase to the Ecumenical Temple.
  5343 | Temple   | Entered the Ecumenical Temple
  5350 | Temple   | Reached skill level 9 in Long Blades
  5350 | Temple   | Reached XP level 9. HP: 62/64 MP: 10/10
  5532 | Temple   | Became a worshipper of Qazlal Stormbringer
  5578 | D:6      | Reached skill level 1 in Dodging
  6250 | D:6      | Reached * piety under Qazlal
  6343 | D:6      | Found an opulent altar of Gozag.
  6584 | D:7      | Reached skill level 1 in Invocations
  6714 | D:7      | Found an ancient bone altar of Kikubaaqudgha.
  7127 | D:7      | Noticed a hippogriff
  7129 | D:7      | Reached ** piety under Qazlal
  7129 | D:7      | Reached skill level 10 in Long Blades
  7180 | D:7      | Killed a hippogriff
  7618 | D:7      | Noticed Joseph
  7640 | D:7      | Killed Joseph
  7640 | D:7      | Reached XP level 10. HP: 35/71 MP: 8/13
  8212 | D:7      | Noticed Pikel
  8236 | D:7      | Killed Pikel
  8627 | D:8      | Noticed a two-headed ogre
  8677 | D:8      | Upgraded the game from 0.21-a0-521-g1cd18d1148 to 0.21-a0-522-ga8338f09a8
  8693 | D:8      | Reached skill level 11 in Long Blades
  8777 | D:8      | Found a shadowy altar of Dithmenos.
  8902 | D:8      | Noticed Gastronok
  8940 | D:8      | Killed from afar by Gastronok

Vault maps used:
D:1:      elethiomel_arrival_shortcut
D:2:      uniq_natasha, uniq_robin
D:3:      first_bread, minmay_fountain_box
D:4:      evilmike_ruin_ashenzari, kennysheep_slug_shrine
D:6:      lemuel_doored_altar, temple_statues
D:7:      old_standard_altar, grunt_livestock, uniq_pikel, uniq_joseph
D:8:      grunt_dithmenos_shadows, okawaru_gym_becter, uniq_gastronok,
          uniq_erica
Temple:   regret_index_temple_sphere_string

Skill      XL: |  1  2  3  4  5  6  7  8  9 10 |
---------------+-------------------------------+-----
Shields        | 4 5 6 7 |  7.6
Long Blades    | 3 4 5 6 7 9 10 11 | 11.0
Evocations     | 1 2 4 |  4.8
Dodging        | 2 3 |  3.3
Invocations    | 2 3 |  3.8
Armour         | 4 |  4.9
Fighting       | 4 |  4.7

Action                   |  1- 3 |  4- 6 |  7- 9 | 10-12 || total
-------------------------+-------+-------+-------+-------++-------
Melee: Long sword        |    95 |   168 |   677 |   175 ||  1115
Throw: Tomahawk          |       |       |     4 |       ||     4
Invok: Upheaval          |       |       |     1 |       ||     1
 Abil: Dig               |       |       |     1 |       ||     1
Evoke: Wand              |       |       |       |     1 ||     1
  Use: Scroll            |       |       |     8 |       ||     8
       Potion            |       |       |     2 |       ||     2
  Eat: Chunk             |       |     5 |    16 |     5 ||    26
       Fruit             |       |       |     2 |       ||     2
Armor: Scale mail        |    43 |    56 |   182 |    29 ||   310
Dodge: Dodged            |    32 |    33 |   190 |    42 ||   297
Block: Shield            |    51 |    76 |   339 |    77 ||   543
       Rpst.: Long sword |    13 |    13 |    55 |    14 ||    95

Table legend:
 A = Spawn XP
 B = Non-spawn XP
 C = Spawn XP percentage of total XP
 D = Spawn monster count
 E = Non-spawn monster count
 F = Spawn count percentage of total count
 G = Total turns spent on level
                    A         B        C        D         E        F      G
               +---------+---------+-------+---------+---------+-------+---------
         Total |       0 |    6437 |   0.0 |       0 |     222 |   0.0 |  8940
               +---------+---------+-------+---------+---------+-------+---------
           D:1 |       0 |      36 |   0.0 |       0 |      17 |   0.0 |   500
           D:2 |       0 |     231 |   0.0 |       0 |      44 |   0.0 |  1101
           D:3 |       0 |     340 |   0.0 |       0 |      25 |   0.0 |  1179
           D:4 |       0 |     526 |   0.0 |       0 |      28 |   0.0 |  1267
           D:5 |       0 |     620 |   0.0 |       0 |      27 |   0.0 |  1419
           D:6 |       0 |     585 |   0.0 |       0 |      27 |   0.0 |   765
           D:7 |       0 |    3437 |   0.0 |       0 |      42 |   0.0 |  2208
           D:8 |       0 |     529 |   0.0 |       0 |      11 |   0.0 |   286
        Temple |       0 |     133 |   0.0 |       0 |       1 |   0.0 |   215
               +---------+---------+-------+---------+---------+-------+---------
